 Dungeon Crawl Stone Soup version 0.31-a0-1074-g0b22e4e0f1 (webtiles) character file.

Game seed: 7616341581717771963

2 Lobster4 the Changeling (level 1, 0/15 HPs)
             Began as a Merfolk Shapeshifter on Nov 27, 2023.
             Frozen to death by an endoplasm (5 damage)
             ... on level 1 of the Dungeon.
             The game lasted 00:00:29 (21 turns).

Lobster4 the Changeling (Merfolk Shapeshifter)        Turns: 21, Time: 00:00:29

Health: 0/15       AC:  2    Str: 14    XL:     1   Next: 30%
Magic:  1/1        EV: 12    Int:  9    God:
Gold:   0          SH:  0    Dex: 13    Spells: 0/0 levels left

rFire   . . .        e - +0 mace
rCold   . . .        (no shield)
rNeg    . . .        a - +0 animal skin
rPois   .            (helmet currently unavailable)
rElec   .            (cloak currently unavailable)
rCorr   .            (gloves currently unavailable)
SInv    .            (boots currently unavailable)
Will    .....        (no amulet)
Stlth   +            (no ring)
HPRegen 0.22/turn    (no ring)
MPRegen 0.07/turn

%: no passive effects
@: beast-form
A: beast (slay +2), (nimble swimmer 2), mertail
a: Begin Untransformation


You were on level 1 of the Dungeon.
You were a hulking beast.
You visited 1 branch of the dungeon, and saw 1 of its levels.

Inventory:

Hand Weapons
 e - a +0 mace (weapon)
Armour
 a - a +0 animal skin (worn)
Talismans
 c - a beast talisman
 d - a flux talisman
Potions
 b - a potion of lignification


   Skills:
 + Level 1.1 Fighting
 + Level 2.7 Dodging
 + Level 3.3 Unarmed Combat
 * Level 4.0 Shapeshifting


You couldn't memorise any spells.
You didn't know any spells.
Your spell library was empty.

Dungeon Overview and Level Annotations

Branches:
Dungeon (1/15)

Altars:


Innate Abilities, Weirdness & Mutations

You are a hulking beast.
Your limbs bulge with bestial killing power. (Slay +2)
((You are very nimble when in or above water. (Stealth+, EV+, Speed+++)))
Your lower body shifts to a powerful aquatic tail in water.


Message History

Found an escape hatch in the floor.
A rat comes into view.
Found a bubbling clear potion and 7 gold pieces.
The rat closely misses you.
You barely miss the rat. You punch the rat!
You kill the rat!
Found a mace.
An endoplasm comes into view.
The endoplasm quivers.
A kobold comes into view. It is wielding a +0 dagger.
The kobold shouts!
You hear an angry hiss.
The kobold throws a stone.
The stone completely misses you.
The kobold throws a stone.
The stone completely misses you.
A ball python comes into view.
The kobold throws a stone.
The stone closely misses you.
You see here a +0 mace.
e - a +0 mace
e - a +0 mace (weapon)
The kobold throws a stone.
The stone closely misses you. The ball python barely misses you. x2
You sock the ball python!
You kill the ball python!
You closely miss the kobold. The kobold misses you. The endoplasm freezes you.
You are frozen.
The kobold hits you with a +0 dagger.
You hit the kobold.
The kobold is moderately wounded.
The endoplasm barely misses you. The kobold completely misses you.
You barely miss the kobold.
The kobold is moderately wounded.
The endoplasm freezes you.
You are frozen.
* * * LOW HITPOINT WARNING * * *
The kobold closely misses you. The endoplasm barely misses you.
You hit the kobold.
You kill the kobold!
The endoplasm freezes you.
You are frozen.
You die...

#. #. ##.##
###.... .$...#
### #...# $.. #
#.###..)##.# .
..!...Jh..#.##
.###......#..
###.###...###.#
.............#..
##.###.###.## .#
#.###......###..
#................
#..##..#<#>##..##
.........##.##
...


You could see an endoplasm.

Vanquished Creatures
  A ball python (D:1)
  A kobold (D:1)
  A rat (D:1)
3 creatures vanquished.

Notes
Turn   | Place    | Note
-------+----------+-------------------------------------------
     0 | D:1      | Lobster4 the Merfolk Shapeshifter began the quest for the
                  | Orb.
     0 | D:1      | Reached XP level 1. HP: 15/15 MP: 1/1
    21 | D:1      | Frozen to death by an endoplasm

Illustrated notes

Levels and vault maps discovered:
D:1:      onia_arrival_handbag, layout_loops_ring

Action                     || total
---------------------------++-------
  Melee: Mace              ||     5
         Unarmed           ||     2
 Armour: Animal skin       ||     1
  Dodge: Dodged            ||    12

Table legend: (Time is in decaauts)
 A = Elapsed time spent in this place.
 B = Non-inter-level travel time spent in this place.
 C = Inter-level travel time spent in this place.
 D = Time resting spent in this place.
 E = Time spent auto-exploring this place.
 F = Levels seen in this place.
 G = Mean time per level.
                   A        B        C        D        E       F      G
               +--------+--------+--------+--------+--------+-----+--------+
         Total |     21 |     21 |      0 |      0 |      2 |   1 |   21.0 |
       Dungeon |     21 |     21 |      0 |      0 |      2 |   1 |   21.0 |
               +--------+--------+--------+--------+--------+-----+--------+

Top non-repeatable levels by time:
     D:1: 21 daAuts
